 Dungeon Crawl Stone Soup version 0.29-a0-384-g6960b1960d (webtiles) character file.

Game seed: 10938890272844335199

893 HendSelp the Insei (level 8, -2/43 HPs)
             Began as a Tengu Transmuter on May 6, 2022.
             Slain by a kobold brigand
             ... wielding a +0 short sword
              (4 damage)
             ... in a sewer.
             The game lasted 00:04:35 (4114 turns).

HendSelp the Insei (Tengu Transmuter)               Turns: 4114, Time: 00:04:36

Health: -2/43      AC:  3    Str: 13    XL:     8   Next: 6%
Magic:  16/16      EV: 15    Int: 13    God:
Gold:   217        SH:  0    Dex: 15    Spells: 13/16 levels left

rFire   . . .      SeeInvis .     - Unarmed
rCold   . . .      Faith    .   (no shield)
rNeg    . . .      Spirit   .   a - +1 robe
rPois   .          Reflect  .   (helmet restricted)
rElec   .          Harm     .   (no cloak)
rCorr   +          Rampage  .   (no gloves)
Will    .....                   (boots unavailable)
Stlth   +.........              j - amulet of magic regeneration
HPRegen 0.14/turn               i - ring of resist corrosion
MPRegen 0.55/turn               (no ring)

@: wereblooded, flying quickly and evasively, quick
A: beak, talons 3, nimble flight
a: no special abilities


You were in a sewer.
You visited 1 branch of the dungeon, and saw 3 of its levels.
You also visited: Sewer.

You collected 217 gold pieces.

Inventory:

Armour
 a - a +1 robe (worn)
Jewellery
 i - a ring of resist corrosion (left hand)
 j - an amulet of magic regeneration (around neck)
Wands
 d - a wand of digging (6)
Scrolls
 h - a scroll of teleportation
Potions
 b - 2 potions of lignification
 c - 3 potions of attraction
 e - 2 potions of resistance
 f - 3 potions of haste
 g - a potion of curing
 k - a potion of might


   Skills:
 - Level 1.0 Fighting
 + Level 3.5 Dodging
 + Level 6.4 Unarmed Combat
 * Level 4.9 Spellcasting
 * Level 4.0 Transmutations


You had 13 spell levels left.
You knew the following spells:

 Your Spells              Type           Power      Damage    Failure   Level
a - Beastly Appendage     Tmut           26%        N/A       3%          1
b - Wereblood             Tmut           13%        N/A       5%          2

Your spell library contained the following spells:

 Spells                   Type           Power      Damage    Failure   Level
 Spider Form              Tmut/Pois      8%         N/A       24%         3
 Ice Form                 Ice/Tmut       8%         N/A       63%         4


Dungeon Overview and Level Annotations

Branches:
Dungeon (3/15)              Sewer (1/1)

Altars:

Shops:
D:3 (


Innate Abilities, Weirdness & Mutations

You have a beak for a mouth.
You have claws for feet.
Your magical nature lets you fly swiftly and evasively.


Message History

You hit the kobold brigand.
The kobold brigand is lightly wounded.
The kobold brigand hits you with a +0 short sword!
Unknown command.
You are too injured to fight recklessly!
Unknown command.
You are too injured to fight recklessly!
A kobold brigand is nearby!
You are too injured to fight recklessly!
A kobold brigand is nearby!
You are too injured to fight recklessly!
Unknown command.
Casting: Beastly Appendage (safe; 3% risk of failure)
Confirm with . or Enter, or press ? or * to list all spells.
Your blood is infused with primal strength.
The kobold brigand splashes around in the water.
You closely miss the kobold brigand. Your kick misses the kobold brigand.
You peck the kobold brigand.
The kobold brigand is lightly wounded.
The kobold brigand splashes around in the water.
You barely miss the kobold brigand. Your kick misses the kobold brigand.
You peck the kobold brigand.
The kobold brigand is moderately wounded.
The kobold brigand splashes around in the water.
You barely miss the kobold brigand. You claw the kobold brigand.
The kobold brigand is moderately wounded.
The kobold brigand hits you with a +0 short sword!
* * * LOW HITPOINT WARNING * * *
You hit the kobold brigand.
You claw the kobold brigand, but do no damage.
Your peck misses the kobold brigand.
The kobold brigand is heavily wounded.
The kobold brigand hits you with a +0 short sword.
* * * LOW HITPOINT WARNING * * *
You punch the kobold brigand! Your kick misses the kobold brigand.
The kobold brigand is severely wounded.
You closely miss the kobold brigand. You peck the kobold brigand.
The kobold brigand is severely wounded.
The kobold brigand hits you with a +0 short sword.
You die...

#####
#.#.#
#≈#≈#
#)#K#
#@#≈# ≈
#≈K≈#
≈≈
##≈##
.# #.#
≈#
#≈###≈#
#.≈.≈≈#
##≈≈≈##
#≈.≈#
#...#


You could see a kobold brigand.

Vanquished Creatures
  Grinder (D:3)
  Sigmund (D:2)
  6 kobold brigands (Sewer)
  Robin (D:2)
  5 adders
  A river rat (Sewer)
  4 worms
  2 dart slugs
  5 endoplasms
  4 giant cockroaches
  13 goblins
  9 kobolds
  4 quokkas
  3 ball pythons
  2 bats
  2 frilled lizards (D:1)
  5 rats
68 creatures vanquished.

Notes
Turn   | Place    | Note
-------+----------+-------------------------------------------
     0 | D:1      | HendSelp the Tengu Transmuter began the quest for the Orb.
     0 | D:1      | Reached XP level 1. HP: 12/12 MP: 4/4
   218 | D:1      | Found a faded altar of an unknown god.
   306 | D:1      | Reached XP level 2. HP: 9/16 MP: 4/6
  1099 | D:1      | Learned a level 2 spell: Wereblood
  1118 | D:2      | Noticed Robin
  1131 | D:2      | Reached XP level 3. HP: 13/20 MP: 3/7
  1140 | D:2      | Killed Robin
  1141 | D:2      | HP: 1/20 [goblin/+0 club[Robin] (5)]
  1620 | D:2      | Reached skill level 4 in Unarmed Combat
  1700 | D:2      | Reached XP level 4. HP: 23/25 MP: 9/9
  1937 | D:2      | Noticed Sigmund
  1951 | D:2      | Killed Sigmund
  1952 | D:2      | Gained mutation: Your magical nature lets you fly swiftly
                  | and evasively. [Tengu growth]
  1952 | D:2      | Reached XP level 5. HP: 10/29 MP: 9/11
  2477 | D:3      | Reached XP level 6. HP: 28/34 MP: 12/12
  2480 | D:3      | Found Qicat's Antique Weapon Shop.
  2525 | D:3      | Noticed Grinder
  2529 | D:3      | Paralysed by Grinder for 5 turns
  2541 | D:3      | Killed Grinder
  2542 | D:3      | Reached skill level 5 in Unarmed Combat
  2542 | D:3      | Reached XP level 7. HP: 26/38 MP: 12/14
  2791 | D:3      | Found a glowing drain.
  2816 | Sewer    | Entered a sewer
  3583 | Sewer    | Reached skill level 6 in Unarmed Combat
  4107 | Sewer    | Reached XP level 8. HP: 25/43 MP: 16/16
  4112 | Sewer    | HP: 2/43 [kobold brigand/+0 short sword (4)]
  4114 | Sewer    | Slain by a kobold brigand

Illustrated notes

Levels and vault maps discovered:
D:1:      evilmike_arrival_plus, layout_basic, shapermc_ecumenical_altar_ellora
D:2:      layout_basic, uniq_robin, uniq_sigmund
D:3:      minmay_evil_eye, layout_basic, serial_shops, shop,
          cheibrodos_sewer_entry_sluice, uniq_grinder
Sewer:    sewer_co_tree

Skill      XL: |  1  2  3  4  5  6  7 |
---------------+----------------------+-----
Transmutations | 2 3 4 |  4.0
Unarmed Combat | 4 5 6 |  6.4
Spellcasting   | 3 4 |  4.9
Dodging        | 3 |  3.5
Fighting       | |  1.0

Action                   |  1- 3 |  4- 6 |  7- 9 || total
-------------------------+-------+-------+-------++-------
Melee: Unarmed           |    63 |    30 |   111 ||   204
       Kick              |    13 |     8 |    32 ||    53
       Peck              |     6 |     2 |    20 ||    28
       Headbutt          |     3 |     2 |       ||     5
       Punch             |     1 |     1 |     3 ||     5
 Cast: Beastly Appendage |    12 |     7 |       ||    19
       Wereblood         |     2 |     1 |     1 ||     4
  Use: Scroll            |     6 |     5 |     1 ||    12
       Potion            |       |     2 |       ||     2
Armor: Robe              |     5 |     2 |    11 ||    18
Dodge: Dodged            |    40 |    13 |    40 ||    93

Table legend: (Time is in decaauts)
 A = Elapsed time spent in this place.
 B = Non-inter-level travel time spent in this place.
 C = Inter-level travel time spent in this place.
 D = Time resting spent in this place.
 E = Time spent auto-exploring this place.
 F = Levels seen in this place.
 G = Mean time per level.
                   A        B        C        D        E       F      G
               +--------+--------+--------+--------+--------+-----+--------+
         Total |   3989 |   3811 |    178 |    291 |   2941 |   4 |  997.2 |
       Dungeon |   2732 |   2554 |    178 |    291 |   1826 |   3 |  910.7 |
         Sewer |   1257 |   1257 |      0 |      0 |   1115 |   1 | 1257.0 |
               +--------+--------+--------+--------+--------+-----+--------+

Top non-repeatable levels by time:
     D:1: 1442 daAuts
   Sewer: 1257 daAuts
     D:2: 906 daAuts
     D:3: 384 daAuts
